 Dungeon Crawl Stone Soup version 0.30-a0-711-gf4ac18a38d (webtiles) character file.

Game seed: 16587991506674040780

70 omnomnOMINOUS the Gusty (level 4, -1/29 HPs)
             Began as an Octopode Wanderer on Jan 22, 2023.
             Slain by an orc
             ... wielding a +2 vampiric hand axe
              (8 damage)
             ... on level 3 of the Dungeon.
             The game lasted 00:04:58 (1698 turns).

omnomnOMINOUS the Gusty (Octopode Wanderer)         Turns: 1698, Time: 00:04:58

Health: -1/29      AC:  1    Str:  8 (9)  XL:     4   Next: 21%
Magic:  7/7        EV: 13    Int: 16 (18) God:
Gold:   82         SH:  0    Dex: 10 (11) Spells: 7/7 levels left

rFire   . . .      SeeInvis .    b - +0 spear
rCold   . . .      Faith    .    (no shield)
rNeg    . . .      Spirit   .    c - +0 hat
rPois   .          Reflect  .    (no amulet)
rElec   .          Harm     .    (no ring)
rCorr   .          Rampage  .    (no ring)
Will    .....                    (no ring)
Stlth   ++                       (no ring)
HPRegen 0.24/turn                (no ring)
MPRegen 0.10/turn                (no ring)
                                 (no ring)
                                 (no ring)

@: weak-willed
A: almost no armour, amphibious, 8 rings, camouflage 1, gelatinous body 1,
(nimble swimmer 1), tentacles
a: no special abilities


You were on level 3 of the Dungeon.
You visited 1 branch of the dungeon, and saw 3 of its levels.

You collected 115 gold pieces.
You spent 33 gold pieces at shops.

Inventory:

Hand Weapons
 a - a +0 dagger
 b - a +0 spear (weapon)
Missiles
 e - 7 atropa-tipped darts (quivered)
 h - 7 poisoned darts
Armour
 c - a +0 hat (worn)
Wands
 i - a wand of flame (8)
Scrolls
 g - a scroll of summoning
Potions
 d - 2 potions of curing
 j - 2 potions of flight


   Skills:
 + Level 1.9 Fighting
 - Level 2.0 Throwing
 + Level 1.9 Dodging
 - Level 1.3 Stealth
 + Level 2.2 Spellcasting
 - Level 2.0 Transmutations
 - Level 3.0 Air Magic
 - Level 1.1 Evocations


You had 7 spell levels left.
You didn't know any spells.
Your spell library contained the following spells:

 Spells                   Type           Power      Damage    Failure   Level
 Shock                    Conj/Air       24%        1d4       11%         1
 Sting                    Tmut/Pois      16%        1d3       14%         1
 Kindle Blastsparks       Fire/Tloc/Air  8%         2d10      38%         3
 Spider Form              Tmut/Pois      4%         N/A       38%         3
 Ignite Poison            Fire/Tmut/Pois 3%         N/A       43%         3


Dungeon Overview and Level Annotations

Branches:
Dungeon (3/15)

Altars:
Kikubaaqudgha
Okawaru

Shops:
D:2 *:


Innate Abilities, Weirdness & Mutations

You cannot wear most types of armour.
You are amphibious.
You can wear up to eight rings at the same time.
Your skin changes colour to match your surroundings (Stealth+).
Your rubbery body absorbs attacks. (AC +1, EV +1)
((You are camouflaged when in or above water. (Stealth+)))
You have tentacles for arms and can constrict up to eight enemies at once.


Message History

The orc hits you with a +2 vampiric hand axe!
The orc draws strength from your wounds!
Throw: 9 darts (atropa)
Press: ? - help, Q - select action, (/) - cycle Shift-Dir - straight line, f - orc
Aim: an orc, wielding a +2 vampiric hand axe and wearing a +0 ring mail (constricted by you, weak-willed, 93% to hit, chance to blind on hit: 100%)
Okay, then.
Unknown command.
Throw: 9 darts (atropa)
Press: ? - help, Q - select action, (/) - cycle Shift-Dir - straight line, f - orc
Aim: an orc, wielding a +2 vampiric hand axe and wearing a +0 ring mail (constricted by you, weak-willed, 93% to hit, chance to blind on hit: 100%)
You throw an atropa-tipped dart.
The atropa-tipped dart barely misses the orc.
The atropa-tipped dart hits the kobold.
The kobold appears confused.
You constrict the orc, but do no damage.
The orc hits you with a +2 vampiric hand axe.
Throw: 8 darts (atropa)
Press: ? - help, Q - select action, (/) - cycle Shift-Dir - straight line, f/p - orc
Aim: an orc, wielding a +2 vampiric hand axe and wearing a +0 ring mail (constricted by you, weak-willed, 93% to hit, chance to blind on hit: 100%)
You throw an atropa-tipped dart. The atropa-tipped dart hits the orc.
The orc appears confused.
You constrict the orc.
The kobold seems less confused.
The orc hits you with a +2 vampiric hand axe.
* * * LOW HITPOINT WARNING * * *
You release your grip on the orc.
The orc seems less confused.
You catch the helpless orc completely off-guard!
You hit the orc but do no damage. You grab the orc.
The orc is lightly wounded.
You constrict the orc, but do no damage.
The kobold shouts!
The orc misses you.
You hit the orc.
You tentacle-slap the orc, but do no damage.
You squeeze the orc, but do no damage.
The orc is heavily wounded.
You constrict the orc.
The orc wizard casts a spell.
The orc wizard flickers and vanishes!
Deactivating autopickup; reactivate with Ctrl-A.
The orc hits you with a +2 vampiric hand axe!
You die...

#.##.......#
##....#####.# #.†...#
#.....##### #.........#
# ## #.....#.#.# # ..
###.#...#.# # #.
#.###K..# #
##.#####..@o{(.# #
#...[§#######..# #.# #
#....o§K§§oK..†# #.# #
#....§########^######.#
# #........# #......#.#
# #......#.# ######.#.#
#....o.# .. #.#.#
#......# ##
##+##...#####
......##.#
#...........#


You could see an orc (blind, weak-willed) and a kobold (blind, weak-willed).

Vanquished Creatures
  2 adders
  2 dart slugs
  An orc (D:3)
  3 ball pythons (D:1)
  3 endoplasms
  3 giant cockroaches (D:2)
  4 goblins
  5 hobgoblins
  7 bats
  2 frilled lizards
  6 kobolds
  8 rats
46 creatures vanquished.

Notes
Turn   | Place    | Note
-------+----------+-------------------------------------------
     0 | D:1      | omnomnOMINOUS the Octopode Wanderer began the quest for the
                  | Orb.
     0 | D:1      | omnomnOMINOUS set off with the following items: a +0
                  | dagger, a scroll of summoning, a +0 hat; and the following
                  | spells available to memorise: Shock, Sting, Kindle
                  | Blastsparks, Spider Form, Ignite Poison.
     0 | D:1      | Reached XP level 1. HP: 11/11 MP: 2/2
    48 | D:1      | You fall into a shaft and drop 1 floor!
    49 | D:2      | Found an ancient bone altar of Kikubaaqudgha.
    56 | D:2      | Found Jifooty's General Store.
    72 | D:2      | Bought a potion of curing for 33 gold pieces
   182 | D:1      | Reached XP level 2. HP: 18/18 MP: 3/3
   338 | D:1      | Reached skill level 1 in Fighting
   338 | D:1      | Reached skill level 1 in Dodging
   554 | D:1      | Reached XP level 3. HP: 23/23 MP: 5/5
  1253 | D:2      | Found Buitese's Vocational Training.
  1516 | D:3      | Found an iron altar of Okawaru.
  1523 | D:3      | Reached XP level 4. HP: 26/29 MP: 7/7
  1698 | D:3      | Slain by an orc

Illustrated notes

Levels and vault maps discovered:
D:1:      minmay_arrival_stone_box, layout_loops_ring
D:2:      layout_loops_cross, serial_shops, nicolae_shop_window_shopping,
          basic_altar, nicolae_shop_vocational
D:3:      layout_basic, okawaru_ov_weapons_minmay, serial_shops,
          nicolae_shop_waterfront, shapermc_ecumenical_altar_acropolis,
          kennysheep_generic_room_3

Skill      XL: |  1  2  3 |
---------------+----------+-----
Fighting       | 1 |  1.9
Dodging        | 1 |  1.9
Spellcasting   | 2 |  2.2
Throwing       | |  2.0
Stealth        | |  1.3
Transmutations | |  2.0
Air Magic      | |  3.0
Evocations     | |  1.1

Action                     |  1- 3 |  4- 6 || total
---------------------------+-------+-------++-------
  Melee: Dagger            |    15 |       ||    15
         Tentacles         |    21 |     4 ||    25
         Constrict         |    21 |     6 ||    27
         Spear             |    96 |    21 ||   117
         Punch             |       |     1 ||     1
  Throw: Dart              |       |     2 ||     2
    Use: Potion            |     3 |     3 ||     6
         Scroll            |       |     4 ||     4
   Stab: Sleeping          |    16 |     2 ||    18
         Invisible         |       |     1 ||     1
 Armour: Skin              |     6 |     2 ||     8
  Dodge: Dodged            |    47 |    15 ||    62

Table legend: (Time is in decaauts)
 A = Elapsed time spent in this place.
 B = Non-inter-level travel time spent in this place.
 C = Inter-level travel time spent in this place.
 D = Time resting spent in this place.
 E = Time spent auto-exploring this place.
 F = Levels seen in this place.
 G = Mean time per level.
                   A        B        C        D        E       F      G
               +--------+--------+--------+--------+--------+-----+--------+
         Total |   1707 |   1693 |     14 |     93 |   1163 |   3 |  569.0 |
       Dungeon |   1707 |   1693 |     14 |     93 |   1163 |   3 |  569.0 |
               +--------+--------+--------+--------+--------+-----+--------+

Top non-repeatable levels by time:
     D:1: 728 daAuts
     D:2: 695 daAuts
     D:3: 283 daAuts
